 Dungeon Crawl Stone Soup version 0.21-a0-264-g3e31e41 (webtiles) character file.

420 Vichen the Sneak (level 6, -1/28 HPs)
             Began as a Spriggan Enchanter on Sept 9, 2017.
             Killed from afar by an orc wizard (5 damage)
             ... with a magic dart
             ... on level 4 of the Dungeon.
             The game lasted 00:14:06 (6520 turns).

Vichen the Sneak (Spriggan Enchanter)               Turns: 6520, Time: 00:14:07

Health: -1/28      AC:  4    Str:  5    XL:     6   Next: 62%
Magic:  2/15       EV: 18    Int: 18    God:
Gold:   222        SH:  0    Dex: 16    Spells: 4/16 levels left

rFire    . . .     SeeInvis +   a - +2 dagger
rCold    . . .     Gourm    .   (shield restricted)
rNeg     . . .     Faith    .   b - +1 robe
rPois    .         Spirit   .   (helmet restricted)
rElec    .         Reflect  .   c - +0 cloak {MR+}
rCorr    .         Harm     .   (gloves unavailable)
MR       ++...                  (boots unavailable)
Stlth    +++++.....             (no amulet)
HPRegen  0.09/turn              h - ring of stealth
MPRegen  0.14/turn              (no ring)

@: very quick
A: unfitting armour, see invisible, herbivore 3, speed 3, slow metabolism 2
a: no special abilities


You were on level 4 of the Dungeon.
You were not hungry.

You visited 1 branch of the dungeon, and saw 4 of its levels.

You collected 222 gold pieces.

Inventory:

Hand Weapons
 a - a +2 dagger (weapon)
Armour
 b - a +1 robe (worn)
 c - a +0 cloak of magic resistance (worn)
Jewellery
 h - a ring of stealth (left hand)
Scrolls
 l - a scroll of teleportation
Potions
 e - 2 potions of curing
 f - a potion of brilliance
 g - 5 potions of heal wounds
 i - a potion of flight
 j - a potion of ambrosia {unknown}
 k - a potion of lignification {unknown}
 m - a potion of might {unknown}
 o - a potion of degeneration {unknown}
Comestibles
 d - 6 bread rations
 n - 6 fruits


   Skills:
 - Level 1.1 Short Blades
 - Level 3.0 Dodging
 + Level 7.5 Stealth
 - Level 5.5 Spellcasting
 - Level 6.0 Hexes


You had 4 spell levels left.
You knew the following spells:

 Your Spells              Type           Power        Failure   Level  Hunger
a - Ensorcelled Hibernat  Hex/Ice        ###...       5%          2    #......
b - Corona                Hex            ####...      1%          1    None
c - Confuse               Hex            ####....     3%          3    ##.....
d - Tukima's Dance        Hex            ####....     3%          3    ##.....
e - Dazzling Spray        Conj/Hex       ###...       11%         3    ##.....


Dungeon Overview and Level Annotations

Branches:
Dungeon (4/15)
 Temple: D:4-7

Altars:
Fedhas
Kikubaaqudgha
Qazlal
Sif Muna
Wu Jian


Innate Abilities, Weirdness & Mutations

You are very small and have problems with some larger weapons.
You are too small for most types of armour.
You have supernaturally acute eyesight. (SInv)
You are a herbivore.
You cover ground extremely quickly.
You need consume almost no food.


Message History

Press: ? - help, Shift-Dir - straight line, f/p - orc wizard
Aim: an orc wizard, wielding a dagger and wearing a robe (heavily wounded)
The spray of energy hits the orc wizard.
The orc wizard is severely wounded.
The orc wizard is dazzled.
The spray of energy hits the orc.
You kill the orc!
The orc wizard closely misses you.
You hit the orc wizard.
The orc wizard is severely wounded.
The orc wizard hits you but does no damage.
You closely miss the orc wizard.
The orc wizard is severely wounded.
The orc wizard hits you with a dagger.
* * * LOW HITPOINT WARNING * * *
You closely miss the orc wizard.
The orc wizard is severely wounded.
The orc wizard is no longer blind.
The orc wizard casts a spell at you. The magic dart hits you!
You die...

*,,,,,,,+.........'.............
**,,,,**#.........####...#.#####
**,*,* ##.......## #.........#
***>* ##.....## #.###.###.# *,*
##...## #.# #.# #.# *** *,* ##+#*
#.# #.# #.# *,****,* #,* #.# #.#
#.# ,*,,,,,**#####.########.# #.#
#.# ,,,,**,,,......o@)...##.# #.#
#.#
*,*,**,**.###..)####.##.###.###.#
*,*,**,**,*#....,* #.##.........#
*,*,**,**,*##...** #........#####
*,,,,,,,,,* #?.#* ##########
***,**,**** #.#* ,,,,**,*****#.*
******,,,,,,..* **********


You could see an orc wizard.

Vanquished Creatures
  A phantom (D:4)
  A scorpion (D:4)
  A hound (D:4)
  Crazy Yiuf (D:2)
  A centaur skeleton (D:4)
  Terence (D:2)
  A worker ant (D:4)
  Robin (D:2)
  3 gnolls (D:3)
  An adder (D:2)
  An ooze (D:1)
  An adder zombie (D:3)
  3 worms
  2 dart slugs
  2 leopard geckos
  7 orcs
  A ball python (D:4)
  2 giant cockroaches
  17 goblins
  11 hobgoblins
  2 jackals (D:2)
  4 kobolds
  A quokka (D:3)
  9 bats
  3 frilled lizards
  4 rats
82 creatures vanquished.

Vanquished Creatures (collateral kills)
  A gnoll (D:3)
1 creature vanquished.

Vanquished Creatures (others)
  2 dancing weapons (D:3)
2 creatures vanquished.

Grand Total: 85 creatures vanquished

Notes
Turn   | Place    | Note
-------+----------+-------------------------------------------
     0 | D:1      | Vichen the Spriggan Enchanter began the quest for the Orb.
     0 | D:1      | Reached XP level 1. HP: 9/9 MP: 5/5
   492 | D:1      | Reached XP level 2. HP: 13/13 MP: 7/7
   496 | D:1      | Learned a level 2 spell: Ensorcelled Hibernation
  2399 | D:2      | Reached XP level 3. HP: 16/16 MP: 9/9
  2404 | D:2      | Learned a level 3 spell: Confuse
  2408 | D:2      | Learned a level 3 spell: Tukima's Dance
  2447 | D:2      | Found a deep blue altar of Sif Muna.
  2518 | D:2      | Noticed Robin
  3849 | D:2      | Killed Robin
  3849 | D:2      | Reached skill level 5 in Hexes
  3849 | D:2      | Reached XP level 4. HP: 21/21 MP: 6/11
  4106 | D:2      | Noticed Terence
  4118 | D:2      | Killed Terence
  4258 | D:2      | Learned a level 3 spell: Dazzling Spray
  4412 | D:2      | Found a runed door.
  4416 | D:2      | Noticed Crazy Yiuf
  4423 | D:2      | Killed Crazy Yiuf
  4532 | D:3      | Reached XP level 5. HP: 9/24 MP: 5/13
  5348 | D:3      | Reached skill level 5 in Spellcasting
  5752 | D:4      | Noticed a phantom
  5772 | D:4      | Killed a phantom
  5772 | D:4      | Reached skill level 6 in Stealth
  5772 | D:4      | Reached XP level 6. HP: 28/28 MP: 10/15
  6052 | D:4      | Reached skill level 7 in Stealth
  6395 | D:4      | Found a stormy altar of Qazlal.
  6395 | D:4      | Found an ancient bone altar of Kikubaaqudgha.
  6396 | D:4      | Found an ornate altar of the Wu Jian Council.
  6396 | D:4      | Found a blossoming altar of Fedhas.
  6520 | D:4      | Killed from afar by an orc wizard

Vault maps used:
D:1:      minmay_arrival_wavy_path, kennysheep_nondescript
D:2:      lemuel_doored_altar, serial_aquarium, aquarium_bridge_island_small,
          aquarium_window_1, aquarium_window_fake, aquarium_view_2c,
          aquarium_view_2c, first_bread, uniq_robin, uniq_terence,
          uniq_crazy_yiuf_cottage
D:3:      minmay_door_square, minmay_misc_feat_tower
D:4:      chequers_temple_overflow_statue_of_worship, grunt_ministairs_12

Skill      XL: |  1  2  3  4  5  6 |
---------------+-------------------+-----
Spellcasting   | 3 4 5 |  5.5
Hexes          | 4 5 6 |  6.0
Stealth        | 6 7 |  7.5
Short Blades   | |  1.1
Dodging        | |  3.0

Action                   |  1- 3 |  4- 6 || total
-------------------------+-------+-------++-------
Melee: Dagger            |   140 |   169 ||   309
 Cast: Corona            |     5 |       ||     5
       Ensorcelled Hiber |    31 |    16 ||    47
       Confuse           |     3 |     6 ||     9
       Tukima's Dance    |     2 |     5 ||     7
       Dazzling Spray    |       |     6 ||     6
  Use: Scroll            |     4 |     6 ||    10
       Potion            |     1 |       ||     1
 Stab: Sleeping          |    21 |    23 ||    44
       Confused          |     1 |     5 ||     6
  Eat: Fruit             |     1 |       ||     1
       Royal jelly       |       |     4 ||     4
Armor: Robe              |    19 |    14 ||    33
Dodge: Dodged            |   121 |   113 ||   234

Table legend:
 A = Spawn XP
 B = Non-spawn XP
 C = Spawn XP percentage of total XP
 D = Spawn monster count
 E = Non-spawn monster count
 F = Spawn count percentage of total count
 G = Total turns spent on level
                    A         B        C        D         E        F      G
               +---------+---------+-------+---------+---------+-------+---------
         Total |       0 |     600 |   0.0 |       0 |      83 |   0.0 |  6520
               +---------+---------+-------+---------+---------+-------+---------
           D:1 |       0 |      21 |   0.0 |       0 |       9 |   0.0 |  1747
           D:2 |       0 |     141 |   0.0 |       0 |      30 |   0.0 |  2409
           D:3 |       0 |     109 |   0.0 |       0 |      31 |   0.0 |  1506
           D:4 |       0 |     329 |   0.0 |       0 |      13 |   0.0 |   858
               +---------+---------+-------+---------+---------+-------+---------
